 Dungeon Crawl Stone Soup version 0.26.1-2-gb8aa6d0cf2 (webtiles) character file.

Game seed: 6418155699361477947

389 windgrace the Slasher (level 6, -4/57 HPs)
             Began as a Minotaur Monk on Feb 18, 2021.
             Was a Believer of Wu Jian.
             Slain by a scorpion (7 damage)
             ... on level 4 of the Dungeon.
             The game lasted 00:10:29 (3491 turns).

windgrace the Slasher (Minotaur Monk)               Turns: 3491, Time: 00:10:30

Health: -4/57      AC:  4    Str: 15    XL:     6   Next: 50%
Magic:  5/5        EV: 14    Int:  7    God:    Wu Jian [**....]
Gold:   154        SH:  0    Dex: 15    Spells: 5/5 levels left

rFire    + . .     SeeInvis .   a - +0 falchion
rCold    x . .     Faith    .   (no shield)
rNeg     . . .     Spirit   .   k - +0 leather armour
rPois    .         Reflect  .   r - +1 hat
rElec    .         Harm     .   (no cloak)
rCorr    .         Rampage  .   (no gloves)
Will     .....                  (no boots)
Stlth    ++........             s - amulet of magic regeneration
HPRegen  0.19/turn              t - ring of fire
MPRegen  0.34/turn              (no ring)

@: lethally poisoned (-4 -> -9)
A: retaliatory headbutt, horns 2
a: Renounce Religion, Wall Jump


You were on level 4 of the Dungeon.
You worshipped Wu Jian.
Wu Jian was pleased with you.
You visited 1 branch of the dungeon, and saw 4 of its levels.

You collected 154 gold pieces.

Inventory:

Hand Weapons
 a - a +0 falchion (weapon)
Missiles
 p - 4 atropa-tipped darts (quivered)
Armour
 b - a +0 robe
 k - a +0 leather armour (worn)
 r - a +1 hat (worn)
Jewellery
 s - an amulet of magic regeneration (around neck)
 t - a ring of fire (left hand)
Scrolls
 c - 2 scrolls of fear {unknown}
 e - 3 scrolls of noise {unknown}
 f - 5 scrolls of remove curse {unknown}
 g - a scroll of blinking {unknown}
 h - a scroll of immolation {unknown}
 j - 3 scrolls of teleportation {unknown}
 m - 3 scrolls of identify {unknown}
 n - 2 scrolls of enchant weapon {unknown}
 u - a scroll of amnesia {unknown}
Potions
 d - a potion of cancellation {unknown}
 i - 3 potions of curing {unknown}
 l - a potion of might {unknown}
 o - a potion of brilliance {unknown}
 q - a potion of heal wounds {unknown}


   Skills:
 + Level 6.1 Fighting
 - Level 7.0 Long Blades
 - Level 4.0 Dodging
 - Level 1.5 Stealth


You had 5 spell levels left.
You didn't know any spells.
Your spell library was empty.

Dungeon Overview and Level Annotations

Branches:
Dungeon (4/15)
 Temple: D:4-7

Altars:
Elyvilon
Gozag
Ru
Wu Jian


Innate Abilities, Weirdness & Mutations

You reflexively headbutt those who attack you in melee.
You have a pair of horns on your head.


Message History

The scorpion is heavily wounded.
The scorpion completely misses you.
You riposte.
You hit the scorpion.
The scorpion is severely wounded.
You barely miss the scorpion. Your headbutt misses the scorpion.
The scorpion is severely wounded.
The scorpion stings you.
* * * LOW HITPOINT WARNING * * *
Aiming: Wall Jump
Press: ? - help, Dir - move target You repeatedly attack the scorpion from above.
You closely miss the scorpion.
You headbutt the scorpion, but do no damage.
The scorpion is severely wounded.
You hit the scorpion.
The scorpion is almost dead.
The scorpion stings you.
* * * LOW HITPOINT WARNING * * *
You are lethally poisoned!
The scorpion poisons you! The scorpion stings you!
You die...

.................
...$.............
.................
................
#..............
#..............
#.....°°°[.....
#....○@# .#..
#...)s○##.##..
#..##.#....)[<......
#..#.....#.†[###....
........##.#....... .
#...#..##....#....
..##...#..###...#.##.
#.........# #.....##.
#.......###........


You could see a scorpion.

Vanquished Creatures
  A hound (D:2)
  Crazy Yiuf (D:3)
  3 orc priests
  3 gnolls (D:2)
  9 adders
  An ooze (D:2)
  5 worms
  A dart slug (D:1)
  5 leopard geckos
  7 orcs
  7 giant cockroaches
  5 hobgoblins
  13 jackals
  4 quokkas
  13 bats
  3 frilled lizards
  9 goblins
  7 kobolds
  9 rats
106 creatures vanquished.

Notes
Turn   | Place    | Note
-------+----------+-------------------------------------------
     0 | D:1      | windgrace the Minotaur Monk began the quest for the Orb.
     0 | D:1      | Reached XP level 1. HP: 19/19 MP: 0/0
   358 | D:1      | Reached skill level 4 in Long Blades
   358 | D:1      | Reached XP level 2. HP: 26/27 MP: 1/1
  1120 | D:1      | Reached XP level 3. HP: 33/33 MP: 2/2
  1416 | D:2      | Reached skill level 5 in Long Blades
  1418 | D:2      | Reached XP level 4. HP: 33/40 MP: 3/3
  1865 | D:2      | Reached skill level 6 in Long Blades
  1866 | D:2      | HP: 1/40 [gnoll/+0 whip (7)]
  2237 | D:2      | Found a white marble altar of Elyvilon.
  2246 | D:2      | Reached XP level 5. HP: 30/46 MP: 4/4
  2681 | D:2      | Found an ornate altar of the Wu Jian Council.
  2686 | D:2      | Noticed a spectral centipede
  2686 | D:2      | Noticed a spectral black mamba
  2686 | D:2      | Noticed a spectral cane toad
  2687 | D:2      | Became a worshipper of the Wu Jian Council
  2687 | D:2      | Reached * piety under Wu Jian
  2687 | D:2      | Reached ** piety under Wu Jian
  2722 | D:2      | Reached skill level 7 in Long Blades
  2998 | D:3      | Found a sacrificial altar of Ru.
  3160 | D:3      | Reached skill level 5 in Fighting
  3160 | D:3      | Reached XP level 6. HP: 56/56 MP: 5/5
  3184 | D:3      | Found an opulent altar of Gozag.
  3299 | D:3      | Found a runed translucent door.
  3300 | D:3      | Noticed Crazy Yiuf
  3311 | D:3      | Killed Crazy Yiuf
  3491 | D:4      | Slain by a scorpion

Illustrated notes

Levels and vault maps discovered:
D:1:      arrival_zaba_pyramid, layout_basic, minmay_pentomino_s4
D:2:      minmay_skewed_foursquare, layout_rooms, elyvilon_altar_5,
          pdpol_wu_jian_five_deadly_venoms, minmay_fractal_squares_5
D:3:      layout_basic, nicolae_ru_sacrificial_ziggurat,
          grunt_gozag_breadcrumbs, uniq_crazy_yiuf_cottage
D:4:      layout_cave_pools

Skill      XL: |  1  2  3  4  5  6 |
---------------+-------------------+-----
Fighting       | 4 5 6 |  6.1
Long Blades    | 4 5 6 7 |  7.0
Dodging        | 4 |  4.0
Stealth        | |  1.5

Action                   |  1- 3 |  4- 6 || total
-------------------------+-------+-------++-------
Melee: Falchion          |    54 |   187 ||   241
       Headbutt          |     8 |    28 ||    36
Invok: Lunge             |       |    14 ||    14
       Whirlwind         |       |    23 ||    23
 Abil: Wall Jump         |       |     2 ||     2
 Stab: Sleeping          |     1 |     2 ||     3
Armor: Robe              |     6 |     7 ||    13
       Leather armour    |       |    15 ||    15
Dodge: Dodged            |    52 |   129 ||   181
       Rpst.: Falchion   |    15 |    41 ||    56
